 Dungeon Sprint DCSS version 0.22.1-1-ga44c0e56f4 (webtiles) character file.

72 MuseOD the Sneak (level 4, -2/24 HPs)
             Began as a Spriggan Enchanter on Sept 30, 2018.
             Slain by a necrophage (3 damage)
             ... in the Dungeon (Sprint III: "The Ten Rune Challenge").
             The game lasted 00:01:19 (330 turns).

MuseOD the Sneak (Spriggan Enchanter)                Turns: 330, Time: 00:01:19

Health: -2/24      AC:  2    Str:  4    XL:     4   Next: 7%
Magic:  1/9        EV: 18    Int: 17    God:
Gold:   23         SH:  0    Dex: 16    Spells: 2/8 levels left

rFire    . . .     SeeInvis +   a - +1 dagger
rCold    . . .     Gourm    .   (shield restricted)
rNeg     . . .     Faith    .   b - +0 robe
rPois    +         Spirit   .   (helmet restricted)
rElec    .         Reflect  .   (no cloak)
rCorr    .         Harm     .   (gloves unavailable)
MR       .....     Clarity  +   (boots unavailable) Stlth ++++......NoTele +
                                (no amulet)
HPRegen  0.08/turn              (no ring)
MPRegen  0.11/turn              (no ring)

@: very slightly contaminated, very quick
A: very small, unfitting armour, see invisible, clarity, herbivore, speed 3,
sense surroundings 1, poison resistance, slow metabolism 2
a: no special abilities


You were in the Dungeon.
You were not hungry.

You visited 1 branch You collected 23 gold pieces.

Inventory:

Hand Weapons
 a - a +1 dagger (weapon)
 r - a +2 dagger of distortion
Armour
 b - a +0 robe (worn)
Scrolls
 c - a scroll of immolation {unknown}
 j - a scroll of blinking
 k - a scroll of holy word {unknown}
 l - 3 scrolls of identify
 m - 3 scrolls of remove curse
 o - a scroll of torment {unknown}
Potions
 e - a potion of curing
 f - a potion of heal wounds
 g - a potion of haste
 h - a potion of magic
 i - a potion of berserk rage
 n - a potion of brilliance {unknown}
 p - a potion of flight {unknown}
 q - 4 potions of mutation
Comestibles
 d - 3 rations


   Skills:
 + Level 3.0 Fighting
 * Level 6.2 Short Blades
 - Level 3.0 Dodging
 + Level 7.6 Stealth
 - Level 2.6 Spellcasting
 - Level 3.6 Hexes


You had 2 spell levels left.
You knew the following spells:

 Your Spells              Type           Power        Failure   Level  Hunger
a - Corona                Hex            ##.....      4%          1    #......
b - Ensorcelled Hibernat  Hex/Ice        #.....       13%         2    ##.....
c - Confuse               Hex            ##......     12%         3    ###....

Your spell library contained the following spells:

 Spells                   Type           Power        Failure   Level  Hunger
 Tukima's Dance           Hex            ##......     12%         3    ###....
 Dazzling Spray           Conj/Hex       #.....       26%         3    ###....


Dungeon Overview and Level Annotations

Branches:
Dungeon (1/1)

Altars:
Dithmenos
Ru
Yredelemnul


Innate Abilities, Weirdness & Mutations

You are very small and have problems with some larger weapons.
You are too small for most types of armour.
You have supernaturally acute eyesight. (SInv)
You are a herbivore.
You cover ground extremely quickly.
You need to consume almost no food.
You possess an exceptional clarity of mind.
You passively map a small area around you.
Your system is resistant to poisons. (rPois)


Message History

You feel a strange sense of stasis.
You barely miss the necromancer.
The necromancer is almost dead.
You hit the necromancer but do no damage.
The necromancer is almost dead.
The necromancer hits you with a dagger of distortion.
* * * LOW HITPOINT WARNING * * *
You hit the necromancer.
You kill the necromancer!
Your Fighting skill increases to level 3!
Your Short Blades skill increases to level 6!
You have reached level 4!
Things that are here:
a dagger of distortion; a robe; a human corpse
r - a dagger of distortion The necrophage closely misses you.
There is a fountain of clear blue water here.
There is a fountain of clear blue water here.
The necrophage hits you.
You die...

▓▓▓▓ ▓▓▓ * (..#### ##.#
** **###, * *
......#####..# _ *__#*,
.......#..#..# , , /_#,,
#.##...#..#..###+#+###'##
#.###..##'#..#..@.......#
,
##.##..###...+.⌠n[......#
,
..##..####..E#...######+#
..##..###....#.⌠.# +
.##)..##†....#...# , ,≈≈≈
##....#......#+### , ≈
##..##.#.....# _ , #..
####....# _ _ ,* , ▓▓▓* *
▓▓▓▓▓▓* **


You could see a necrophage.

Vanquished Creatures
  Jessica (D)
  A necromancer (D)
  A human (D)
  A phantom (D)
  3 rats (D)
7 creatures vanquished.

Vanquished Creatures (others)
  2 draconian scorchers (D)
  6 hellions (D)
  A yaktaur (D)
  3 plants (D)
12 creatures vanquished.

Grand Total: 19 creatures vanquished

Notes
Turn   | Place    | Note
-------+----------+-------------------------------------------
     0 | D        | MuseOD the Spriggan Enchanter began the quest for the Orb.
     0 | D        | Reached XP level 1. HP: 9/9 MP: 5/5
   104 | D        | Noticed Jessica
   109 | D        | Killed Jessica
   109 | D        | Reached skill level 6 in Stealth
   109 | D        | Reached XP level 2. HP: 14/15 MP: 6/6
   113 | D        | Learned a level 2 spell: Ensorcelled Hibernation
   114 | D        | Killed a hellion
   115 | D        | Killed a hellion
   118 | D        | Killed a hellion
   119 | D        | Killed a hellion
   125 | D        | Reached skill level 5 in Short Blades
   125 | D        | Reached XP level 3. HP: 19/19 MP: 0/8
   138 | D        | Learned a level 3 spell: Confuse
   162 | D        | Reached skill level 7 in Stealth
   175 | D        | Killed a hellion
   237 | D        | Killed a white draconian scorcher
   258 | D        | Killed a white draconian scorcher
   269 | D        | Gained mutation: You passively map a small area around you.
                  | [potion of mutation]
   269 | D        | Gained mutation: Your system is resistant to poisons.
                  | (rPois) [potion of mutation]
   269 | D        | Gained mutation: You possess an exceptional clarity of
                  | mind. [potion of mutation]
   275 | D        | Noticed a water elemental
   276 | D        | Killed a hellion
   288 | D        | Killed a yaktaur
   300 | D        | Found a basalt altar of Yredelemnul.
   300 | D        | Found a shadowy altar of Dithmenos.
   300 | D        | Found a sacrificial altar of Ru.
   300 | D        | Noticed a necrophage
   300 | D        | Noticed a necromancer
   323 | D        | Killed a necromancer
   323 | D        | Reached XP level 4. HP: 1/24 MP: 0/9
   330 | D        | Slain by a necrophage

Skill      XL: |  1  2  3 |
---------------+----------+-----
Short Blades   | 4 5 6 |  6.2
Fighting       | 2 3 |  3.0
Stealth        | 6 7 |  7.6
Dodging        | |  3.0
Spellcasting   | |  2.6
Hexes          | |  3.6

Action                   |  1- 3 |  4- 6 || total
-------------------------+-------+-------++-------
Melee: Dagger            |    21 |       ||    21
 Cast: Ensorcelled Hiber |     4 |       ||     4
       Confuse           |     4 |       ||     4
  Use: Potion            |     2 |       ||     2
 Stab: Sleeping          |     4 |       ||     4
       Confused          |     1 |       ||     1
Dodge: Dodged            |    13 |     1 ||    14
